 Dungeon Crawl Stone Soup version 0.31-a0-343-g456c268693 (webtiles) character file.

Game seed: 6443438195227459779

27 bdfhjk the Magician (level 2, -6/15 HPs)
             Began as a Deep Elf Hedge Wizard on July 20, 2023.
             Mangled by a worm (10 damage)
             ... on level 2 of the Dungeon.
             The game lasted 00:06:48 (1159 turns).

bdfhjk the Magician (Deep Elf Hedge Wizard)         Turns: 1159, Time: 00:06:49

Health: -6/15      AC:  2    Str:  7    XL:     2   Next: 93%
Magic:  2/10       EV: 12    Int: 18    God:
Gold:   11         SH:  0    Dex: 14    Spells: 10/11 levels left

rFire   . . .        f - +0 spear (venom)
rCold   . . .        (no shield)
rNeg    . . .        b - +0 robe
rPois   .            c - +0 hat
rElec   .            (no cloak)
rCorr   .            (no gloves)
SInv    .            (no boots)
Will    .....        (no amulet)
Stlth   ++           (no ring)
HPRegen 0.22/turn    (no ring)
MPRegen 0.12/turn

%: no passive effects
@: very slightly contaminated
A: no striking features
a: no special abilities


You were on level 2 of the Dungeon.
You visited 1 branch of the dungeon, and saw 2 of its levels.

You collected 11 gold pieces.

Inventory:

Hand Weapons
 a - a +0 dagger
 f - a +0 spear of venom (weapon)
Armour
 b - a +0 robe (worn)
 c - a +0 hat (worn)
 g - a +0 cloak
Scrolls
 h - a scroll of fog {unknown}
 j - a scroll of teleportation {unknown}
Potions
 d - 2 potions of magic
 i - a potion of might {unknown}


   Skills:
 + Level 0.1 Polearms
 + Level 2.6 Dodging
 + Level 2.9 Stealth
 + Level 5.3 Spellcasting
 + Level 1.2 Conjurations
 + Level 1.1 Summonings
 + Level 1.1 Translocations


You had 10 spell levels left.
You knew the following spells:

 Your Spells              Type           Power      Damage    Failure   Level
a - Magic Dart            Conj           36%        1d4       8%          1

Your spell library contained the following spells:

 Spells                   Type           Power      Damage    Failure   Level
 Summon Small Mammal      Summ           32%        N/A       9%          1
 Blink                    Tloc           16%        N/A       12%         2
 Call Imp                 Summ           16%        N/A       12%         2
 Slow                     Hex            16%        N/A       13%         1
 Cigotuvi's Dreadful Rot  Necr/Pois/Air  8%         N/A       21%         2
 Call Canine Familiar     Summ           8%         N/A       24%         3
 Summon Guardian Golem    Hex/Summ       6%         N/A       30%         3
 Mephitic Cloud           Conj/Pois/Air  6%         N/A       32%         3


Dungeon Overview and Level Annotations

Branches:
Dungeon (2/15)

Altars:


Message History

You add the spells Summon Small Mammal, Call Canine Familiar and Summon Guardian Golem to your library.
A worm comes into view.
Found 8 gold pieces.
The magic dart hits the worm.
The worm is lightly wounded.
You miscast Magic Dart.
You are very lightly contaminated with residual magic.
Nothing appears to happen.
The magic dart hits the worm.
The worm is lightly wounded.
The magic dart hits the worm.
The worm is lightly wounded.
The magic dart hits the worm.
The worm is moderately wounded.
You miscast Magic Dart.
Nothing appears to happen.
You hit the worm.
The worm is moderately wounded.
You hit the worm.
The worm is severely wounded.
The worm bites you!
You are too injured to fight recklessly!
You are too injured to fight recklessly!
You feel better.
The magic dart hits the worm.
The worm is severely wounded.
The worm barely misses you.
The magic dart hits the worm.
The worm is severely wounded.
The worm bites you!
Ouch! That really hurt!
* * * LOW HITPOINT WARNING * * *
You are too injured to fight recklessly!
You are too injured to fight recklessly!
You hit the worm but do no damage.
The worm is poisoned.
The worm is severely wounded.
You hit the worm.
The worm looks as sick as possible!
The worm is almost dead.
The worm bites you!
Ouch! That really hurt!
You die...

#.#.##.....##
#...#...$...##
~............#
#............#
.....(.....#
....#...#
#w.....# #@..#.#
##.##.###
#.####.....>#
#...........#
#########$#.#####
#.# #.#†....# #.#
..#.###.# #.#
#.##.#.# #.#
#.##†#.#


You could see a worm (extremely poisoned).

Vanquished Creatures
  3 dart slugs
  3 endoplasms (D:1)
  A giant cockroach (D:1)
  A goblin (D:1)
  2 hobgoblins
  A quokka (D:1)
  3 ball pythons
  2 bats (D:1)
  A frilled lizard (D:1)
  A kobold (D:1)
  4 rats (D:1)
22 creatures vanquished.

Notes
Turn   | Place    | Note
-------+----------+-------------------------------------------
     0 | D:1      | bdfhjk the Deep Elf Hedge Wizard began the quest for the
                  | Orb.
     0 | D:1      | Reached XP level 1. HP: 10/10 MP: 7/7
   320 | D:1      | Reached XP level 2. HP: 15/15 MP: 7/9
   456 | D:1      | Reached skill level 5 in Spellcasting
  1159 | D:2      | Mangled by a worm

Illustrated notes

Levels and vault maps discovered:
D:1:      dpeg_arrival_lava_altar, layout_basic,
          hangedman_abyss_or_decor_lesser_grid
D:2:      minmay_general_purpose_star, layout_loops_ring, grunt_decor_cap

Skill      XL: |  1  2 |
---------------+-------+-----
Spellcasting   | 5 |  5.3
Polearms       | |  0.1
Dodging        | |  2.6
Stealth        | |  2.9
Conjurations   | |  1.2
Summonings     | |  1.1
Translocations | |  1.1

Action                     || total
---------------------------++-------
  Melee: Dagger            ||    10
         Punch             ||     1
         Spear             ||    11
   Cast: Magic Dart        ||    66
    Use: Potion            ||     2
 Armour: Robe              ||     8
  Dodge: Dodged            ||     9

Table legend: (Time is in decaauts)
 A = Elapsed time spent in this place.
 B = Non-inter-level travel time spent in this place.
 C = Inter-level travel time spent in this place.
 D = Time resting spent in this place.
 E = Time spent auto-exploring this place.
 F = Levels seen in this place.
 G = Mean time per level.
                   A        B        C        D        E       F      G
               +--------+--------+--------+--------+--------+-----+--------+
         Total |   1159 |   1113 |     46 |    209 |    750 |   2 |  579.5 |
       Dungeon |   1159 |   1113 |     46 |    209 |    750 |   2 |  579.5 |
               +--------+--------+--------+--------+--------+-----+--------+

Top non-repeatable levels by time:
     D:1: 1024 daAuts
     D:2: 135 daAuts
